 Dungeon Crawl Stone Soup version 0.26.1-11-gd32895ea62 (webtiles) character file.

Game seed: 13492514660661891389

81 Zeld the Sneak (level 4, 0/35 HPs)
             Began as a Human Delver on June 5, 2021.
             Slain by a kobold
             ... wielding a cursed -1 club
              (3 damage)
             ... on level 5 of the Dungeon.
             The game lasted 00:00:59 (469 turns).

Zeld the Sneak (Human Delver)                        Turns: 469, Time: 00:01:00

Health: 0/35       AC:  7    Str: 13    XL:     4   Next: 67%
Magic:  4/4        EV: 12    Int: 16    God:
Gold:   27         SH:  0    Dex: 15    Spells: 3/3 levels left

rFire    . . .     SeeInvis .   a - +0 falchion
rCold    . . .     Faith    .   (no shield)
rNeg     . . .     Spirit   .   b - +0 leather armour
rPois    +         Reflect  .   (no helmet)
rElec    .         Harm     .   j - +2 cloak of Buapsi Poti {rPois Int+6}
rCorr    .         Rampage  .   (no gloves)
Will     .....                  i - +0 pair of boots
Stlth    +++.......             (no amulet)
HPRegen  0.11/turn              (no ring)
MPRegen  0.09/turn              (no ring)

@: no status effects
A: no striking features
a: no special abilities


You were on level 5 of the Dungeon.
You visited 1 branch of the dungeon, and saw 1 of its levels.

You collected 27 gold pieces.

Inventory:

Hand Weapons
 a - a +0 falchion (weapon)
Armour
 b - a +0 leather armour (worn)
 i - a +0 pair of boots (worn)
 j - the +2 cloak of Buapsi Poti (worn) {rPois Int+6}
   (You found it on level 5 of the Dungeon)

   It affects your intelligence (+6).
   It protects you from poison.
Wands
 g - a wand of digging (3)
Scrolls
 c - a scroll of fog
 d - a scroll of magic mapping
 e - 2 scrolls of fear
 h - a scroll of remove curse {unknown}
 k - a scroll of identify {unknown}
Potions
 f - a potion of haste
 l - 2 potions of flight {unknown}


   Skills:
 - Level 3.0 Fighting
 * Level 4.5 Long Blades
 - Level 2.0 Dodging
 - Level 5.0 Stealth


You had 3 spell levels left.
You didn't know any spells.
Your spell library was empty.

Dungeon Overview and Level Annotations

Branches:
Dungeon (5/15)
 Temple: D:4-7

Altars:

Annotations:
D:5 exclusions: iguana and worker ant


Message History

The kobold throws a curare-tipped dart.
The curare-tipped dart closely misses you.
You see here 3 stones.
The kobold completely misses you. The kobold hits you but does no damage.
Items here: ( )) ? †.
You hit the kobold.
You kill the kobold!
The kobold barely misses you.
You closely miss the kobold. The kobold misses you. The kobold hits you.
* * * LOW HITPOINT WARNING * * *
You closely miss the kobold. The kobold hits you but does no damage.
The kobold misses you.
The kobold throws a stone.
The stone hits you but does no damage.
You see here 4 stones.
You hit the kobold.
You kill the kobold!
You slash the kobold!
You kill the kobold!
The kobold hits you with a cursed -1 club.
You die...

.(. ####(..## ...♣ ###..# ...PP
##.## ..... #..## .....### ##..#
.......# ♣P..# †..K.KK♣###.♣..#
...K..K.P####..##################
...♣♣..KKP###.KK@....(...........
♣$#..KPPP#.##################.
♣♣##.♣K.P#..# ## ##..♣KP..# #
###.♣.(.# ###P..# ##..# ..## ####


You could see 2 kobolds.

Vanquished Creatures
  A big kobold (D:5)
  A shadow imp (D:5)
  8 kobolds (D:5)
10 creatures vanquished.

Vanquished Creatures (others)
  28 plants (D:5)
28 creatures vanquished.

Grand Total: 38 creatures vanquished

Notes
Turn   | Place    | Note
-------+----------+-------------------------------------------
     0 | D:5      | Zeld the Human Delver began the quest for the Orb.
     0 | D:5      | Reached XP level 1. HP: 18/18 MP: 1/1
    44 | D:5      | Noticed an iguana
    82 | D:5      | Got a fading cloak
    88 | D:5      | Identified the +2 cloak of Buapsi Poti {rPois Int+6} (You
                  | found it on level 5 of the Dungeon)
   165 | D:5      | Noticed a worker ant
   249 | D:5      | Reached XP level 2. HP: 21/24 MP: 2/2
   417 | D:5      | Noticed a big kobold
   458 | D:5      | Killed a big kobold
   459 | D:5      | Reached XP level 3. HP: 3/29 MP: 3/3
   459 | D:5      | Reached XP level 4. HP: 3/35 MP: 4/4
   469 | D:5      | Slain by a kobold

Illustrated notes

Levels and vault maps discovered:
D:5:      kennysheep_kobold_camp, layout_layer_cave

Skill      XL: |  1  2 |
---------------+-------+-----
Long Blades    | 4 |  4.5
Fighting       | |  3.0
Dodging        | |  2.0
Stealth        | |  5.0

Action                   |  1- 3 |  4- 6 || total
-------------------------+-------+-------++-------
Melee: Falchion          |    30 |     6 ||    36
Armor: Leather armour    |    10 |     3 ||    13
Dodge: Dodged            |    15 |     9 ||    24
       Rpst.: Falchion   |     6 |     2 ||     8
